[Event "Match/Team URS-World 20,5-19,5"]
[Site "Belgrade"]
[Date "1970.04.04"]
[Round "4.6"]
[White "Smyslov, Vassily V"]
[Black "Olafsson, Fridrik"]
[Result "1-0"]
[ECO "E05"]
[WhiteElo "2620"]
[BlackElo "2560"]
[Annotator "Smyslov/Olafsson"]
[PlyCount "133"]
[EventDate "1970.03.29"]
[EventType "team"]
[EventRounds "4"]
[EventCountry "YUG"]
[SourceTitle "MCL"]
[Source "ChessBase"]
[SourceDate "1999.07.01"]
[SourceVersion "1"]
[SourceVersionDate "1999.07.01"]
[SourceQuality "1"]
[WhiteTeam "Soviet Union"]
[BlackTeam "World"]
[WhiteTeamCountry "URS"]
[TimeControl "40/9000:16/5400:0"]

1. c4 e6 2. g3 d5 3. Bg2 Nf6 4. Nf3 Be7 (4... dxc4 5. Na3 $1 {Olafsson=:O}) 5.
O-O O-O 6. d4 dxc4 7. Qc2 a6 (7... b5 $2 8. a4 c6 9. axb5 cxb5 10. Ng5 $1 {O})
(7... e5 $1 {O}) 8. Qxc4 b5 9. Qc2 Bb7 10. Bf4 Nc6 (10... Bd6 $142 {Smyslov=:S/
O}) (10... Nd5 $142 11. Nc3 {O} (11. Bd2 Nd7)) 11. Rd1 (11. Nc3 Nb4 (11... Nxd4
12. Nxd4 Bxg2 13. Rfd1 $1 $16) 12. Qb1 c5 {O}) 11... Nb4 12. Qc1 (12. Qxc7 $2
Qxc7 13. Bxc7 Nc2 {O}) 12... Qc8 13. Bg5 $1 {S/O} (13. Bxc7 $2 {O} Nfd5) 13...
Nbd5 (13... c5 14. Bxf6 gxf6 {S/O} (14... Bxf6 15. dxc5) 15. Nc3 {P 16. h6 +- O
}) 14. Nbd2 $1 {O} h6 $2 (14... c5 $5 {The best fighting chance! O} 15. e4 Nb4
16. e5 Nfd5 17. Bxe7 Nxe7 18. Qxc5 Qxc5 19. dxc5 Nd3 20. Nb3 {O} Nxb2 21. Rd7
$16 {S}) 15. Bxf6 Nxf6 16. Nb3 $18 {O} Bd6 17. Nc5 Bd5 18. Ne5 $1 {P 19.e4 O}
Bxg2 19. Kxg2 a5 20. Qe3 Bxc5 21. dxc5 Qa6 22. Qd3 Nd5 23. e4 Nf6 $2 {S} (23...
Nb4 24. Qd7 f6 25. a3 {S}) 24. f3 c6 25. Qe3 Rad8 26. Rd6 Rxd6 27. cxd6 c5 28.
Qxc5 b4 29. Re1 Rd8 (29... Rc8 30. Qd4 Rc2+ 31. Kg1 Re2 32. Rd1 Rc2 33. d7 $18
{S}) 30. Nc6 Ra8 31. Ne7+ Kh7 32. e5 Nd7 33. Qc2+ g6 34. f4 Nb6 35. Qe2 Qb7+
36. Qf3 Qa6 37. Rc1 Nc4 38. Qe2 (38. Rxc4 Qxc4 39. Qxa8 Qe2+ $10 {S}) 38...
Qb7+ 39. Kg1 Nxd6 40. exd6 Qb6+ 41. Qf2 Qxd6 42. Nc8 $1 {S} Qd3 (42... Rxc8 43.
Rxc8 Qd1+ 44. Kg2 Qd5+ 45. Qf3 Qd2+ 46. Kh3 $18) 43. Nb6 Rd8 44. b3 Qf5 45. Nc4
Rd3 46. Ne5 Rc3 47. Qd2 Rxc1+ 48. Qxc1 g5 49. Qd2 Kg7 50. Qd3 Qf6 51. Qd4 Qf5
52. Qd3 Qf6 53. Qe4 Qd8 54. Nf3 Qd1+ 55. Kf2 Qc1 56. Qe3 $2 {S} (56. fxg5 hxg5
57. Qe3 $18 {S}) 56... Qb1 $1 {S} 57. Qe2 g4 58. Ne5 h5 59. Kg2 f6 60. Nd3 Kf7
61. Nf2 Ke7 62. h3 f5 63. hxg4 fxg4 64. Nd3 Kf7 65. Kh2 $1 {S} Qa1 66. Ne5+ Kf8
67. Qd2 1-0